AoeStats
← YoSoyDroga

Arabia

509786015Analyzed
1v1 RM · 4d ago on Sep 28, 2026· 43m 20s· 2 players
Game mode
Random Map
Map size
Tiny (2 player)
Population
200
Speed
Normal
Resources
Standard
Victory
Conquest
Starting age
Dark Age
Ending age
Imperial Age
RankedLock teamsTeams togetherTeam positionsShared explorationLock speedFull tech treeHidden civsTurbo modeCheats
Victory
Defeat
🇲🇽 Italians · Mexico
882
+16
🇪🇸 Aztecs · Spain
872
-16
morfi grei
5:58 Loom
11:48 Feudal Age
12:36 Double-Bit Axe
12:34 Horse Collar
18:41 Stone Mining
21:09 Castle Age
22:05 Forging
22:33 Bow Saw
23:43 Heavy Plow
28:23 Gold Mining
29:47 Wheelbarrow
29:31 Eagle Warrior
30:09 Town Watch
33:04 Imperial Age
33:49 Iron Casting
33:05 Fletching
33:54 Hand Cart
34:31 Conscription
34:33 Garland Wars
38:02 Stone Shaft Mining
38:03 Gold Shaft Mining
39:39 Blast Furnace
39:22 Crop Rotation
40:51 Elite Eagle Warrior
41:34 Treadmill Crane
42:56 Chemistry
42:03 Siege Engineers
YoSoyDroga
11:11 Feudal Age
9:26 Loom
15:33 Castle Age
13:35 Double-Bit Axe
15:12 Stone Mining
15:15 Gold Mining
16:04 Fletching
21:10 Padded Archer Armor
27:29 Bodkin Arrow
29:33 Bloodlines
28:44 Light Cavalry
34:21 Imperial Age
33:38 Town Watch
34:30 Wheelbarrow
36:07 Chemistry
35:29 Conscription
35:32 Ballistics
35:40 Town Patrol
36:24 Pirotechnia
Connection lost

Rejoining the realm…

Still unreachable

The connection could not be restored.

Session expired

The server has moved on; the page needs a fresh start.